 Dungeon Crawl Stone Soup version 0.31-a0-940-gdaa99269f9 (webtiles) character file.

Game seed: 13342466891054145362

537 kae the Vexing (level 7, -5/46 HPs)
             Began as a Demonspawn Enchanter on Oct 20, 2023.
             Slain by an ogre
             ... wielding a +0 giant club
              (21 damage)
             ... on level 4 of the Dungeon.
             The game lasted 00:04:46 (3848 turns).

kae the Vexing (Demonspawn Enchanter)               Turns: 3848, Time: 00:04:47

Health: -5/46      AC:  6    Str:  8      XL:     7   Next: 5%
Magic:  0/11       EV: 12    Int: 17 (18) God:
Gold:   194        SH:  0    Dex: 14      Spells: 4/12 levels left

rFire   . . .        a - +2 dagger
rCold   . . .        (no shield)
rNeg    . . .        b - +1 robe
rPois   .            (no helmet)
rElec   .            (no cloak)
rCorr   .            m - +0 pair of gloves
SInv    .            (no boots)
Will    .....        G - amulet of guardian spirit
Stlth   +++          Y - +4 ring of slaying
HPRegen 0.27/turn    (no ring)
MPRegen 0.12/turn

%: guardian spirit
@: very slightly contaminated
A: claws 1, slimy green scales 1, powered by pain 2
a: no special abilities


You were on level 4 of the Dungeon.
You visited 1 branch of the dungeon, and saw 4 of its levels.

You collected 194 gold pieces.


Innate Abilities, Weirdness & Mutations

You have sharp fingernails.
You are partially covered in slimy green scales. (AC +2)
You sometimes gain power by taking damage.


   Skills:
 * Level 4.0 Short Blades
 - Level 1.7 Dodging
 + Level 4.0 Stealth
 + Level 3.2 Spellcasting
 * Level 5.2 Hexes


You had 4 spell levels left.
You knew the following spells:

 Your Spells              Type           Power      Damage    Failure   Level
a - Ensorcelled Hibernat  Hex/Ice        22%        N/A       9%          2
b - Confusing Touch       Hex            20%        N/A       6%          3
c - Tukima's Dance        Hex            20%        N/A       6%          3

Your spell library contained the following spells:

 Spells                   Type           Power      Damage    Failure   Level
 Sandblast                Erth           4%         2d4       17%         1
 Summon Small Mammal      Summ           8%         N/A       17%         1
 Dazzling Flash           Conj/Hex       22%        N/A       17%         3
 Summon Guardian Golem    Hex/Summ       11%        N/A       17%         3
 Passwall                 Tmut/Erth      1%         N/A       26%         2
 Call Canine Familiar     Summ           2%         N/A       45%         3
 Stone Arrow              Conj/Erth      4%         3d7       45%         3
 Brom's Barrelling Bould  Conj/Erth      2%         2d3       86%         4

Inventory:

Hand Weapons
 a - a +2 dagger (weapon)
Missiles
 e - 2 boomerangs
 h - 30 stones
 p - 3 poisoned darts
 q - 3 atropa-tipped darts
Armour
 b - a +1 robe (worn)
 m - a +0 pair of gloves (worn)
   (You found it on level 4 of the Dungeon)
Jewellery
 G - an amulet of guardian spirit (around neck)
   (You found it on level 1 of the Dungeon)
 Y - a +4 ring of slaying (left hand)
   (You found it on level 1 of the Dungeon)
Wands
 j - a wand of light (16)
   (You found it on level 2 of the Dungeon)
 t - a wand of iceblast (3)
   (You found it on level 4 of the Dungeon)
Scrolls
 d - a scroll of enchant armour
 l - a scroll of revelation
 o - a scroll of identify {unknown}
Potions
 c - 2 potions of invisibility
 f - 2 potions of curing {@q1}
 g - a potion of enlightenment {unknown}
 i - a potion of haste {@q3}
 k - a potion of ambrosia {unknown}
 n - 2 potions of degeneration {!q}
 r - a potion of heal wounds {unknown}
 s - a potion of brilliance {unknown}

Dungeon Overview and Level Annotations

Branches:
Dungeon (4/15) Zot: 20193
 Temple: D:4-7

Altars:

Shops:
D:4 *

Annotations:
D:3 1 runed translucent door, bmj180's ghost, amateur HuCj

#..# #.#.# # ##.# #...#
# ####.# ##.## # #....#
#)# # #....## #)# ####
#.....####.# ...#
#.†......#)##.#..
..######)...###........#
......O@....# #........#
....J..g....# #........#
.....!......# #........#
.#..........# #........#
............# #........#
###.....##### #........#
#.#.#.# #........#
#.....# #.......<#
#.........


You could see an ogre, an endoplasm and a goblin.


Message History

No target in view!
Things that are here:
a +0 dagger; a +0 scale mail; a goblin corpse
There is an open door, spattered with blood here.
You see here a +0 dagger.
Found an escape hatch in the ceiling.
No target in view!
No target in view!
h - 30 stones (gained 9)
You now have 194 gold pieces (gained 6).
A goblin comes into view. It is wielding a +0 dagger.
A goblin is nearby!
A goblin is nearby!
A goblin is nearby!
A goblin is nearby!
An orc comes into view. It is wielding a +0 hand axe.
A goblin comes into view. It is wielding a +0 dagger.
There are monsters nearby!
The orc barely misses you.
An ogre comes into view. It is wielding a +0 giant club.
There are monsters nearby!
The ogre shouts!
You hit the orc. You hit the orc. The orc barely misses you.
There are monsters nearby!
The goblin shouts!
You hit the orc.
You kill the orc!
The goblin throws a stone.
The stone barely misses you. The goblin hits you but does no damage.
There are monsters nearby!
You hit the goblin.
You kill the goblin!
The ogre misses you.
Casting: Ensorcelled Hibernation (safe; 9% risk of failure)
Confirm with . or Enter, or press ? or * to list all spells.
Aiming: Ensorcelled Hibernation (safe; 9% risk of failure)
Press: ? - help, Shift-Dir - straight line, f - ogre
Aim: an ogre, wielding a +0 giant club (chance to affect: 45%)
The ogre resists with some effort.
An endoplasm comes into view.
The goblin throws a stone.
The stone hits you. 😕 HP[-2] MP[-2]
You take 2 damage, and now have 44/46 hp.
You lost 2 mp, and now have 9/11 mp.
Casting: Ensorcelled Hibernation (safe; 9% risk of failure)
Confirm with . or Enter, or press ? or * to list all spells.
Aiming: Ensorcelled Hibernation (safe; 9% risk of failure)
Press: ? - help, Shift-Dir - straight line, f/p - ogre
Aim: an ogre, wielding a +0 giant club (chance to affect: 45%)
You miscast Ensorcelled Hibernation.
You are very lightly contaminated with residual magic.
Nothing appears to happen.
The endoplasm quivers.
The ogre hits you with a +0 giant club!
You focus on the pain.
You feel your power returning. 😮 HP[-10] MP[+2]
You take 10 damage, and now have 34/46 hp.
MASSIVE DAMAGE!! (PAUSE)
Your mp is fully restored (11).
Casting: Ensorcelled Hibernation (safe; 9% risk of failure)
Confirm with . or Enter, or press ? or * to list all spells.
Aiming: Ensorcelled Hibernation (safe; 9% risk of failure)
Press: ? - help, Shift-Dir - straight line, f/p - ogre
Aim: an ogre, wielding a +0 giant club (chance to affect: 45%)
The ogre resists with some effort.
The ogre hits you with a +0 giant club!!
* * * LOW HITPOINT WARNING * * *
You focus on the pain.
You feel your power returning. 😨 HP[-18]
You take 18 damage, and now have 16/46 hp.
MASSIVE DAMAGE!! (PAUSE)
Casting: Ensorcelled Hibernation (safe; 9% risk of failure)
Confirm with . or Enter, or press ? or * to list all spells.
Aiming: Ensorcelled Hibernation (safe; 9% risk of failure)
Press: ? - help, Shift-Dir - straight line, f/p - ogre
Aim: an ogre, wielding a +0 giant club (chance to affect: 45%)
The ogre resists with some effort.
The goblin hits you but does no damage. 😨 MP[-2]
You lost 2 mp, and now have 9/11 mp.
Unknown command.
Casting: Ensorcelled Hibernation (safe; 9% risk of failure)
Confirm with . or Enter, or press ? or * to list all spells.
Aiming: Ensorcelled Hibernation (safe; 9% risk of failure)
Press: ? - help, Shift-Dir - straight line, f/p - ogre
Aim: an ogre, wielding a +0 giant club (chance to affect: 45%)
The ogre resists with some effort.
The ogre barely misses you. The goblin barely misses you.
The endoplasm jiggles. 😨 MP[-2]
You lost 2 mp, and now have 7/11 mp.
Unknown command.
Casting: Ensorcelled Hibernation (safe; 9% risk of failure)
Confirm with . or Enter, or press ? or * to list all spells.
Aiming: Ensorcelled Hibernation (safe; 9% risk of failure)
Press: ? - help, Shift-Dir - straight line, f/p - ogre
Aim: an ogre, wielding a +0 giant club (chance to affect: 45%)
The ogre resists with some effort.
The ogre hits you with a +0 giant club!!
You die...

Skill      XL: |  1  2  3  4  5  6  7 |
---------------+----------------------+-----
Short Blades   | 1 2 3 4 |  4.0
Stealth        | 3 4 |  4.0
Hexes          | 4 5 |  5.2
Spellcasting   | 3 |  3.2
Dodging        | |  1.7

Action                     |  1- 3 |  4- 6 |  7- 9 || total
---------------------------+-------+-------+-------++-------
  Melee: Dagger            |   116 |   110 |    18 ||   244
   Cast: Ensorcelled Hiber |    13 |    28 |     6 ||    47
    Use: Scroll            |       |    10 |       ||    10
         Potion            |       |     3 |       ||     3
   Stab: Sleeping          |    14 |    14 |     1 ||    29
 Armour: Robe              |    56 |    76 |    11 ||   143
  Dodge: Dodged            |    66 |    68 |     9 ||   143

Levels and vault maps discovered:
D:1:      elethiomel_arrival_infinity_welcomes_careful_drivers, layout_rooms
D:2:      layout_rooms, ebering_ecumenical_altar_mist, serial_corexii_hall,
          corexii_hall_statues_l, corexii_hall_statues_l, basic_altar,
          dk_noncrumbling_4, minmay_octomino_c4
D:3:      layout_loops_ring, ebering_ghost_reflecting_pool, serial_glass,
          glass_columns_b, glass_columns_a, glass_columns_b, glass_columns_a,
          glass_columns_a, glass_columns_a, glass_columns_a, glass_columns_c
D:4:      minmay_general_purpose_star, layout_basic, chei_slow_surprise,
          mainiacjoe_overflow_alcove_1, nicolae_elemental_shop, st_stairs_3,
          minmay_fractal_squares_5

Notes
Turn   | Place    | Note
-------+----------+-------------------------------------------
     0 | D:1      | kae the Demonspawn Enchanter began the quest for the Orb.
     0 | D:1      | Reached XP level 1. HP: 13/13 MP: 3/3
     0 | D:1      | magus.rc [v1.11.3]
    83 | D:1      | Reached skill level 1 in Short Blades
   225 | D:1      | Gained mutation: You sometimes gain a little power by
                  | taking damage. [demonic ancestry]
   225 | D:1      | Reached XP level 2. HP: 19/19 MP: 5/5
   298 | D:1      | Learned a level 2 spell: Ensorcelled Hibernation
   816 | D:2      | Gained mutation: You sometimes gain power by taking damage.
                  | [demonic ancestry]
   816 | D:2      | Reached XP level 3. HP: 24/24 MP: 1/6
   880 | D:2      | You pick up a book of Geomancy and begin reading...
   880 | D:2      | You add the spells Sandblast, Passwall, Stone Arrow and
                  | Brom's Barrelling Boulder to your library.
   953 | D:2      | HP: 6/24 [poisoned by an adder]
   958 | D:2      | HP: 2/24 [poisoned by an adder]
  1058 | D:2      | Reached skill level 2 in Short Blades
  1065 | D:2      | Reached skill level 3 in Stealth
  1317 | D:2      | Found a faded altar of an unknown god.
  1424 | D:2      | Reached XP level 4. HP: 14/30 MP: 7/7
  1895 | D:3      | Learned a level 3 spell: Confusing Touch
  2140 | D:2      | Reached skill level 4 in Hexes
  2227 | D:3      | Gained mutation: You are partially covered in slimy green
                  | scales. (AC +2) [demonic ancestry]
  2227 | D:3      | Reached XP level 5. HP: 20/35 MP: 0/8
  2479 | D:3      | Noticed an ogre
  2501 | D:3      | HP: 6/35 [ogre/+0 giant club (24)]
  2509 | D:3      | Killed an ogre
  2510 | D:3      | Reached skill level 3 in Short Blades
  2785 | D:3      | You pick up a book of Callings and begin reading...
  2785 | D:3      | You add the spells Summon Small Mammal, Call Canine
                  | Familiar and Summon Guardian Golem to your library.
  2812 | D:3      | Found a runed translucent door.
  2815 | D:3      | Noticed bmj180's ghost (amateur HuCj)
  3046 | D:4      | Learned a level 3 spell: Tukima's Dance
  3087 | D:4      | Reached XP level 6. HP: 41/41 MP: 10/10
  3125 | D:4      | Reached skill level 3 in Spellcasting
  3193 | D:4      | Reached skill level 5 in Hexes
  3452 | D:4      | Found Zyarhaeq's Elemental Accessories.
  3693 | D:4      | Reached skill level 4 in Stealth
  3693 | D:4      | Gained mutation: You have sharp fingernails. [demonic
                  | ancestry]
  3693 | D:4      | Reached XP level 7. HP: 32/46 MP: 1/11
  3702 | D:4      | Reached skill level 4 in Short Blades
  3848 | D:4      | Slain by an ogre

Vanquished Creatures
  A black bear (D:4)
  2 ogres
  A scorpion (D:4)
  An orc priest (D:2)
  A hound (D:4)
  An orc wizard (D:3)
  5 adders
  4 worms
  4 dart slugs
  7 orcs
  4 bats
  4 endoplasms
  5 giant cockroaches
  6 goblins
  9 hobgoblins
  2 quokkas (D:4)
  8 ball pythons
  3 frilled lizards
  3 kobolds
  7 rats
78 creatures vanquished.

Vanquished Creatures (others)
  A kobold (D:4)
1 creature vanquished.

Grand Total: 79 creatures vanquished

Table legend:
 A = Non-vault XP
 B = Vault XP
 C = Vault XP percentage of total XP
 D = Non-vault monster count
 E = Vault monster count
 F = Vault count percentage of total count
                 A         B        C        D         E       F
            +---------+---------+-------+---------+---------+-------
      Total |     726 |      42 |   5.5 |      66 |      13 |  16.5
            +---------+---------+-------+---------+---------+-------
        D:1 |      22 |       0 |   0.0 |      14 |       0 |   0.0
        D:2 |     108 |      28 |  20.6 |      21 |       6 |  22.2
        D:3 |     209 |       0 |   0.0 |      19 |       0 |   0.0
        D:4 |     387 |      14 |   3.5 |      12 |       7 |  36.8
            +---------+---------+-------+---------+---------+-------

Skill      XL: |  1  2  3  4  5  6  7 |
---------------+----------------------+-----
Short Blades   | 1 2 3 4 |  4.0
Stealth        | 3 4 |  4.0
Hexes          | 4 5 |  5.2
Spellcasting   | 3 |  3.2
Dodging        | |  1.7

Action                     |  1- 3 |  4- 6 |  7- 9 || total
---------------------------+-------+-------+-------++-------
  Melee: Dagger            |   116 |   110 |    18 ||   244
   Cast: Ensorcelled Hiber |    13 |    28 |     6 ||    47
    Use: Scroll            |       |    10 |       ||    10
         Potion            |       |     3 |       ||     3
   Stab: Sleeping          |    14 |    14 |     1 ||    29
 Armour: Robe              |    56 |    76 |    11 ||   143
  Dodge: Dodged            |    66 |    68 |     9 ||   143

Illustrated notes

Table legend:
 A = Kills in this place as a percentage of kills in the entire game.
 B = Kills by you in this place as a percentage of kills by you in the entire game.
 C = Kills by friends in this place as a percentage of kills by friends in the entire game.
 D = Other kills in this place as a percentage of other kills in the entire game.
 E = Experience gained in this place as a percentage of experience gained in the entire game.
 F = Experience gained in this place divided by the number of levels of this place that you have seen.
                   A       B       C       D       E      F
               +-------+-------+-------+-------+-------+----------------------
         Total | 100.0 | 100.0 |   N/A | 100.0 | 100.0 | 192.0
       Dungeon | 100.0 | 100.0 |   N/A | 100.0 | 100.0 | 192.0
               +-------+-------+-------+-------+-------+----------------------

Table legend: (Time is in decaauts)
 A = Elapsed time spent in this place.
 B = Non-inter-level travel time spent in this place.
 C = Inter-level travel time spent in this place.
 D = Time resting spent in this place.
 E = Time spent auto-exploring this place.
 F = Levels seen in this place.
 G = Mean time per level.
                   A        B        C        D        E       F      G
               +--------+--------+--------+--------+--------+-----+--------+
         Total |   3805 |   3721 |     84 |    526 |   2375 |   4 |  951.2 |
       Dungeon |   3805 |   3721 |     84 |    526 |   2375 |   4 |  951.2 |
               +--------+--------+--------+--------+--------+-----+--------+

Top non-repeatable levels by time:
     D:2: 1144 daAuts
     D:3: 954 daAuts
     D:1: 910 daAuts
     D:4: 796 daAuts
